 Dungeon Crawl Stone Soup version 0.28-a0-661-g144af121cd (webtiles) character file.

Game seed: 14125780723902757051

7008 Execuda the Fighter (level 10, 0/85 HPs)
             Began as a Demonspawn Monk on Oct 14, 2021.
             Was an Elder of Makhleb.
             Killed by vampiric draining
             ... invoked by a vampire
              (5 damage)
             ... on level 9 of the Dungeon.
             The game lasted 00:18:47 (10270 turns).

Execuda the Fighter (Demonspawn Monk)              Turns: 10270, Time: 00:18:47

Health: 0/85       AC: 17    Str: 15    XL:     10   Next: 82%
Magic:  16/16      EV: 10    Int: 17    God:    Makhleb [****..]
Gold:   240        SH: 13    Dex: 16    Spells: 9/9 levels left

rFire   + . .      SeeInvis .   t - +0 morningstar
rCold   + . .      Faith    .   y - +0 kite shield
rNeg    . . .      Spirit   .   v - +0 troll leather armour
rPois   .          Reflect  .   B - +1 helmet
rElec   .          Harm     .   h - scarf {rC+ rF+}
rCorr   .          Rampage  .   x - +0 pair of gloves
Will    .....                   (no boots)
Stlth   ++........              (no amulet)
HPRegen 1.24/turn               d - +6 ring of intelligence
MPRegen 0.15/turn               (no ring)

@: no status effects
A: icy blue scales 1, icemail 2, powered by death 1, condensation shield,
weakness stinger 2
a: Renounce Religion, Minor Destruction, Lesser Servant of Makhleb, Major
Destruction


You were on level 9 of the Dungeon.
You worshipped Makhleb.
Makhleb was greatly pleased with you.
You visited 2 branches of the dungeon, and saw 10 of its levels.

You collected 506 gold pieces.
You spent 266 gold pieces at shops.

Inventory:

Hand Weapons
 q - a +2 whip of draining
 t - a +0 morningstar (weapon)
 E - a +2 dagger of venom
Missiles
 o - a throwing net
 w - 24 poisoned darts (quivered)
Armour
 h - a scarf of resistance (worn)
 v - a +0 troll leather armour (worn)
 x - a +0 pair of gloves (worn)
 y - a +0 kite shield (worn)
 B - a +1 helmet (worn)
Jewellery
 d - a +6 ring of intelligence (left hand)
 f - a ring of fire
Wands
 G - a wand of polymorph (14)
 H - a wand of charming (6)
 I - a wand of mindburst (19)
 K - a wand of flame (23)
Scrolls
 a - 2 scrolls of torment {unknown}
 e - 4 scrolls of teleportation {unknown}
 g - a scroll of magic mapping
 l - a scroll of fog {unknown}
 p - 4 scrolls of fear {unknown}
 s - 2 scrolls of enchant armour
 u - 3 scrolls of noise {unknown}
 D - a scroll of enchant weapon {unknown}
 F - a scroll of acquirement {unknown}
 J - a scroll of brand weapon {unknown}
Potions
 b - a potion of magic {unknown}
 c - a potion of ambrosia
 i - 6 potions of curing
 j - 3 potions of invisibility
 k - a potion of berserk rage
 m - a potion of heal wounds
 n - 2 potions of brilliance
 r - 2 potions of might {unknown}
 z - a potion of haste {unknown}
 A - 2 potions of flight {unknown}
 C - a potion of lignification {unknown}


   Skills:
 * Level 10.2 Fighting
 * Level 10.1 Maces & Flails
 - Level 2.0 Armour
 - Level 3.0 Dodging
 - Level 1.7 Stealth
 - Level 4.2 Shields
 + Level 8.2 Invocations


You had 9 spell levels left.
You didn't know any spells.
Your spell library contained the following spells:

 Spells                   Type           Power      Damage    Failure   Level
 Ensorcelled Hibernation  Hex/Ice        0%         N/A       87%         2
 Conjure Flame            Conj/Fire      0%         6-21      98%         3
 Ignite Poison            Fire/Tmut/Pois 0%         N/A       98%         3
 Mephitic Cloud           Conj/Pois/Air  0%         N/A       98%         3
 Ozocubu's Armour         Ice            0%         N/A       98%         3
 Portal Projectile        Hex/Tloc       0%         N/A       98%         3
 Spider Form              Tmut/Pois      0%         N/A       98%         3
 Sticky Flame             Conj/Fire      0%         2d3       100%        4
 Blade Hands              Tmut           0%         N/A       100%        5
 Excruciating Wounds      Necr           0%         N/A       100%        5
 Freezing Cloud           Conj/Ice/Air   0%         6-21      100%        5
 Ozocubu's Refrigeration  Ice            0%         4d5       100%        7


Dungeon Overview and Level Annotations

Branches:
Dungeon (9/15)             Temple (1/1) D:5
   Lair: D:8-11         Orc: D:9-12

Altars:
Ashenzari
Cheibriados
Dithmenos
Elyvilon
Fedhas
Gozag
Hepliaklqana
Kikubaaqudgha
Makhleb
Nemelex Xobeh
Okawaru
Qazlal
Ru
Sif Muna
Trog
Uskayaw
Wu Jian
Xom
Yredelemnul
Zin
The Shining One

Shops:
D:2 *   D:3 *   D:7 !   D:8 *

Annotations:
D:9 2 transporters, Lekart's ghost, novice DrAK


Innate Abilities, Weirdness & Mutations

You are partially covered in icy blue scales. (AC +2)
A meltable icy envelope protects you from harm. (AC +8)
You regenerate a little health from kills.
A meltable shield of frost defends you. (SH +4)
You have a tail ending in a sharp stinger.


Message History

Something bites you!
Something draws strength from your injuries!
You barely miss something. Something hits you but does no damage.
Something bites you but does no damage. Something hits you but does no damage.
Something bites you but does no damage.
You hit something but do no damage. You block something's attack.
Something bites you but does no damage.
You hit something but do no damage. Something hits you but does no damage.
Something bites you.
Something draws strength from your injuries!
You barely miss something. Something hits you but does no damage.
You block something's attack.
You hit something. Something hits you. Something bites you.
Something draws strength from your injuries!
Your shield and troll leather armour prevent you from hitting something.
Something hits you but does no damage. Something bites you!
Something draws strength from your injuries!
You block something's attack. Something bites you but does no damage.
You miss something. Something hits you. Something bites you but does no damage.
You puncture something! Something completely misses you. Something bites you.
Something draws strength from your injuries!
You barely miss something. Something draws life force from you!
You closely miss something. Something hits you but does no damage.
You block something's attack.
You closely miss something. Something hits you! Something bites you!
Something draws strength from your injuries!
Something draws life force from you.
You hit something but do no damage. Something draws life force from you!
* * * LOW HITPOINT WARNING * * *
You hit something. Something hits you but does no damage.
Something bites you but does no damage.
You bludgeon something!! Something hits you.
* * * LOW HITPOINT WARNING * * *
Something bites you but does no damage.
You hit something.
Your tail-slap misses something.
Something draws life force from you!
* * * LOW HITPOINT WARNING * * *
Press: ? - help, Shift-Dir - straight line Something draws life force from you.
You die...

......>.........^....#
.###.###.####.#####..#
.# #.# #.# #.# #..# .#
#.# #.# #.# #..##
.###.###.# #.# #...#
.........# #.# #.#.#
.###.##### #.# #.#.#
.##...## ###.#####.#.#
.#.#.#.##
#....{@.<...#
..##.##.#
#.#..3#.....#
..##..#.#
#..##.##....#
..###.#.#
##.##.###>#.#
.#.##..####.#####
#.#.# .##...##
#.##V.####.#.# >####.#
#.#.# #.#....# .# #.#
##.# #......# .# #.#
### #.#...##


You could see a friendly neqoxec (summoned).

Vanquished Creatures
  The ghost of philipeq the Fighter, a novice DsFi (D:6)
  2 centaur skeletons (D:8)
  A hellwing (D:7)
  A troll (D:6)
  A meliai zombie (D:8)
  A wyvern (D:9)
  3 yaks (D:9)
  A steam dragon (D:7)
  2 water moccasins (D:7)
  2 sky beasts (D:7)
  A necrophage (D:8)
  An ice beast (D:7)
  An ogre (D:5)
  3 centaurs
  4 kobold brigands
  7 bullfrogs
  2 gnoll sergeants
  2 scorpions
  4 killer bees (D:9)
  5 wights (D:8)
  An electric eel (D:5)
  4 howler monkeys
  5 centaur zombies
  4 hounds
  An orc priest (D:7)
  4 jellies
  A bullfrog skeleton (D:6)
  A gnoll shaman (D:6)
  An iguana (D:5)
  2 orc wizards (D:6)
  A killer bee zombie (D:6)
  A hound skeleton (D:4)
  A howler monkey zombie (D:9)
  12 gnolls
  11 adders
  5 shadow imps
  A white imp (D:6)
  An ufetubus (D:5)
  An adder skeleton (D:4)
  5 worms
  A dart slug (D:1)
  14 orcs
  5 ball pythons
  4 endoplasms
  3 giant cockroaches
  6 goblins
  6 hobgoblins
  5 quokkas
  7 bats
  4 frilled lizards
  16 kobolds
  8 rats
  A spectral hobgoblin (D:2)
188 creatures vanquished.

Vanquished Creatures (collateral kills)
  A hellwing (D:7)
1 creature vanquished.

Vanquished Creatures (others)
  A demonspawn (D:1)
  A vine stalker (D:1)
  3 trolls (D:1)
  2 formicids (D:1)
  A demigod (D:1)
  A naga (D:1)
  A dwarf (D:1)
  A tengu (D:1)
  A gnoll (D:1)
  17 plants (D:5)
  4 tentacles (D:1)
  2 withered plants (D:8)
35 creatures vanquished.

Grand Total: 224 creatures vanquished

Notes
Turn   | Place    | Note
-------+----------+-------------------------------------------
     0 | D:1      | Execuda the Demonspawn Monk began the quest for the Orb.
     0 | D:1      | Reached XP level 1. HP: 18/18 MP: 1/1
     0 | D:1      | Noticed a formicid
     0 | D:1      | Noticed a formicid
     0 | D:1      | Noticed a demonspawn
     0 | D:1      | Noticed a vine stalker
     0 | D:1      | Noticed a naga
     0 | D:1      | Noticed a dwarf
     0 | D:1      | Noticed a kraken
     0 | D:1      | Noticed a troll
     0 | D:1      | Noticed a demigod
     0 | D:1      | Noticed a troll
     0 | D:1      | Noticed a tengu
     0 | D:1      | Noticed a troll
     4 | D:1      | Killed a tengu
     4 | D:1      | Killed a troll
     4 | D:1      | Killed a troll
     5 | D:1      | Killed a dwarf
     5 | D:1      | Killed a demigod
     7 | D:1      | Killed a troll
     8 | D:1      | Killed a naga
     8 | D:1      | Killed a formicid
     9 | D:1      | Killed a formicid
    10 | D:1      | Killed a vine stalker
    13 | D:1      | Killed a demonspawn
   291 | D:1      | Gained mutation: A meltable shield of frost defends you.
                  | (SH +4) [demonic ancestry]
   291 | D:1      | Reached XP level 2. HP: 19/24 MP: 2/2
   729 | D:2      | Found Kagid's Assorted Antiques.
   750 | D:2      | Gained mutation: A meltable icy envelope protects you from
                  | harm. (AC +8) [demonic ancestry]
   750 | D:2      | Reached XP level 3. HP: 19/29 MP: 3/3
   891 | D:2      | Bought a scroll labelled XAPNUWABOSCH for 25 gold pieces
   891 | D:2      | Bought a scroll labelled XAPNUWABOSCH for 25 gold pieces
  1172 | D:2      | Found a faded altar of an unknown god.
  1885 | D:3      | Reached XP level 4. HP: 25/37 MP: 4/4
  2237 | D:3      | Found Sehuthrurr's Assorted Antiques.
  2869 | D:3      | Bought a scroll labelled NEFOXT HOCSE for 25 gold pieces
  2869 | D:3      | Bought a grey potion for 22 gold pieces
  2869 | D:3      | Bought a scroll labelled OHILOT KANKOTO for 25 gold pieces
  3310 | D:4      | Gained mutation: You are partially covered in icy blue
                  | scales. (AC +2) [demonic ancestry]
  3310 | D:4      | Reached XP level 5. HP: 42/42 MP: 5/5
  4010 | D:5      | Entered Level 5 of the Dungeon
  4095 | D:5      | Reached skill level 5 in Maces & Flails
  4167 | D:5      | Gained mutation: You have a small tail. [demonic ancestry]
  4167 | D:5      | Reached XP level 6. HP: 29/49 MP: 6/6
  4809 | D:5      | Found a staircase to the Ecumenical Temple.
  4826 | Temple   | Entered the Ecumenical Temple
  5014 | Temple   | Became a worshipper of Makhleb the Destroyer
  5014 | Temple   | Reached * piety under Makhleb
  5014 | Temple   | Reached ** piety under Makhleb
  5345 | D:5      | Reached skill level 5 in Fighting
  5345 | D:5      | Reached skill level 1 in Invocations
  5590 | D:5      | Reached skill level 1 in Armour
  5590 | D:5      | Gained mutation: You have a tail ending in a sharp stinger.
                  | [demonic ancestry]
  5590 | D:5      | Reached XP level 7. HP: 18/56 MP: 6/8
  5801 | D:5      | Noticed a yak
  5801 | D:5      | Noticed a yak
  5801 | D:5      | Noticed a yak
  5801 | D:5      | Noticed a yak
  5801 | D:5      | Noticed a yak
  6003 | D:6      | Found a large runed translucent door.
  6004 | D:6      | Found a large runed translucent door.
  6126 | D:6      | Found a runed translucent door.
  6133 | D:6      | Noticed philipeq's ghost (novice DsFi)
  6158 | D:6      | Noticed a troll
  6247 | D:2      | Bought a fizzy ruby potion for 22 gold pieces
  6247 | D:2      | Bought a brown potion for 22 gold pieces
  6270 | D:3      | Bought a fuming ruby potion for 22 gold pieces
  6797 | D:6      | Reached skill level 1 in Shields
  6948 | D:6      | Killed a troll
  6949 | D:6      | Gained mutation: A meltable icy envelope protects you from
                  | harm. (AC +8) [demonic ancestry]
  6949 | D:6      | Reached XP level 8. HP: 19/64 MP: 10/10
  7192 | D:6      | Found a broken altar of Ashenzari.
  7192 | D:6      | Found a hazy altar of Hepliaklqana.
  7499 | D:6      | Killed philipeq's ghost
  7852 | D:6      | Found an iron altar of Okawaru.
  7890 | D:7      | Found Puacvuust's Distillery.
  7926 | D:7      | Bought a potion of curing for 39 gold pieces
  7926 | D:7      | Bought a potion of attraction for 39 gold pieces
  7994 | D:6      | Gained mutation: You regenerate a little health from kills.
                  | [demonic ancestry]
  7994 | D:6      | Reached XP level 9. HP: 72/72 MP: 12/12
  8128 | D:7      | Reached skill level 5 in Invocations
  8533 | D:7      | Reached *** piety under Makhleb
  8556 | D:8      | Noticed a hellwing
  8655 | D:7      | Killed a hellwing
  8728 | D:8      | Noticed a hellwing
  8751 | D:7      | Killed a hellwing
  8777 | D:8      | Reached XP level 10. HP: 82/82 MP: 13/15
  8869 | D:8      | Found Rarequm's Overcharged Wands.
  9575 | D:9      | Reached **** piety under Makhleb
  9576 | D:9      | Reached skill level 10 in Fighting
  9583 | D:9      | Reached skill level 10 in Maces & Flails
  9622 | D:9      | Noticed a two-headed ogre
  9643 | D:9      | Noticed a boulder beetle
  9650 | D:9      | Found a transporter.
  9857 | D:9      | Noticed Lekart's ghost (novice DrAK)
  9870 | D:9      | Found a transporter.
 10270 | D:9      | Killed from afar by a vampire

Illustrated notes

Levels and vault maps discovered:
D:1:      nicolae_arrival_kraken_aquarium_a, layout_rooms
D:2:      layout_rooms, dreamdust_ecumenical_altar_drowned_temple, basic_altar,
          serial_shops, shop
D:3:      layout_loops_ring, gup_sewer_entry_bowl, serial_shops,
          nicolae_shop_waterfront
D:4:      layout_loops_ring
D:5:      cheibrodos_two_vegetables, layout_basic, temple_pool_b,
          eino_tiny_chamber, chequers_big_river, chequers_serial_rivers_small_b
D:6:      layout_gridville, jmf_multi_god_temple, jmf_multi_god_temple2,
          ebering_ghost_sewer_d
D:7:      layout_rooms, serial_shops, shop
D:8:      cheibrodos_grave_circle, layout_rooms, nicolae_shop_overcharged_wands
D:9:      layout_loops_ring, marbit_many_paths, nzn_ghost_randoct
Temple:   minmay_crystal_spiral_temple

Skill      XL: |  1  2  3  4  5  6  7  8  9 10 |
---------------+-------------------------------+-----
Maces & Flails | 3 4 5 6 7 9 10 | 10.1
Fighting       | 4 5 6 7 8 10 | 10.2
Invocations    | 1 3 4 6 8 |  8.2
Armour         | 1 2 |  2.0
Dodging        | 3 |  3.0
Shields        | 1 2 4 |  4.2
Stealth        | |  1.7

Action                   |  1- 3 |  4- 6 |  7- 9 | 10-12 || total
-------------------------+-------+-------+-------+-------++-------
Melee: Mace              |   151 |   121 |       |       ||   272
       Morningstar       |       |   115 |   256 |   272 ||   643
       Tailslap          |       |     9 |    77 |    38 ||   124
       Dagger            |       |       |    87 |    17 ||   104
       Whip              |       |       |    64 |       ||    64
Throw: Dart              |       |       |    19 |       ||    19
Invok: Lesser Servant of |       |       |     2 |     1 ||     3
       Minor Destruction |       |       |     1 |       ||     1
       Major Destruction |       |       |       |     1 ||     1
Evoke: Wand              |       |     1 |     4 |       ||     5
  Use: Scroll            |       |       |     7 |       ||     7
 Stab: Sleeping          |     1 |       |       |     2 ||     3
Armor: Ring mail         |    16 |       |       |       ||    16
       Robe              |     2 |       |       |       ||     2
       Scale mail        |    34 |   135 |    39 |       ||   208
       Troll leather arm |       |       |   268 |   160 ||   428
Dodge: Dodged            |    86 |   123 |   204 |   127 ||   540
Block: Other             |    27 |    43 |     8 |       ||    78
       Kite shield       |       |       |   342 |   241 ||   583

Table legend: (Time is in decaauts)
 A = Elapsed time spent in this place.
 B = Non-inter-level travel time spent in this place.
 C = Inter-level travel time spent in this place.
 D = Time resting spent in this place.
 E = Time spent auto-exploring this place.
 F = Levels seen in this place.
 G = Mean time per level.
                   A        B        C        D        E       F      G
               +--------+--------+--------+--------+--------+-----+--------+
         Total |  10620 |   9934 |    686 |   2245 |   5080 |  10 | 1062.0 |
       Dungeon |  10406 |   9804 |    602 |   2245 |   4968 |   9 | 1156.2 |
        Temple |    213 |    129 |     84 |      0 |    112 |   1 |  213.0 |
               +--------+--------+--------+--------+--------+-----+--------+

Top non-repeatable levels by time:
     D:5: 2005 daAuts
     D:6: 1678 daAuts
     D:3: 1270 daAuts
     D:2: 1183 daAuts
     D:4: 1117 daAuts
     D:9: 940 daAuts
     D:1: 738 daAuts
     D:7: 738 daAuts
     D:8: 734 daAuts
  Temple: 213 daAuts
